 Dungeon Crawl Stone Soup version 0.21-a0-349-g0c35859 (webtiles) character file.

39 saturnerianis the Shooter (level 3, -4/29 HPs)
             Began as a Centaur Hunter on Oct 8, 2017.
             Slain by a hobgoblin (5 damage)
             ... led by Robin
             ... on level 1 of the Dungeon.
             The game lasted 00:01:28 (763 turns).

saturnerianis the Shooter (Centaur Hunter)           Turns: 763, Time: 00:01:29

Health: -4/29      AC:  6    Str: 15    XL:     3   Next: 26%
Magic:  3/3        EV:  8    Int: 10    God:
Gold:   57         SH:  0    Dex:  9    Spells: 2/2 levels left

rFire    . . .     SeeInvis .   a - +1 shortbow
rCold    . . .     Gourm    .   (shield currently unavailable)
rNeg     . . .     Faith    .   i - +0 ring mail
rPois    .         Spirit   .   (no helmet)
rElec    .         Reflect  .   k - +0 cloak
rCorr    .         Harm     .   (no gloves)
MR       .....                  (no barding)
Stlth    ..........             (no amulet)
HPRegen  0.09/turn              (no ring)
MPRegen  0.08/turn              (no ring)

@: very quick
A: hooves 3, deformed body, speed 2, tough skin 3
a: no special abilities


You were on level 1 of the Dungeon.
You were not hungry.

You visited 1 branch of the dungeon, and saw 2 of its levels.

You collected 57 gold pieces.

Inventory:

Hand Weapons
 a - a +1 shortbow (weapon)
 b - a +0 dagger of venom
Missiles
 h - 3 stones (quivered)
Armour
 i - a +0 ring mail (worn)
 k - a +0 cloak (worn)
Scrolls
 e - a scroll of recharging {unknown}
 j - a scroll of identify {unknown}
 n - a scroll of fear {unknown}
Potions
 l - a potion of mutation {unknown}
Comestibles
 f - 2 bread rations
 g - 2 chunks of flesh
 m - a meat ration


   Skills:
 - Level 2.0 Fighting
 + Level 6.8 Bows
 - Level 1.3 Dodging
 - Level 0.4 Stealth


You had 2 spell levels left.
You didn't know any spells.

Dungeon Overview and Level Annotations

Branches:
Dungeon (2/15)

Altars:


Innate Abilities, Weirdness & Mutations

You have hooves in place of feet.
Armour fits poorly on your strangely shaped body.
You cover ground very quickly.
You have extremely tough skin. (AC +3)


Message History

Aim: a goblin (unusually strong)
You throw a stone. The stone completely misses the goblin.
The goblin hits you.
* * * LOW HITPOINT WARNING * * *
The goblin hits you.
* * * LOW HITPOINT WARNING * * *
The hobgoblin barely misses you. The goblin completely misses you.
The hobgoblin hits you.
* * * LOW HITPOINT WARNING * * *
You climb upwards.
There is a stone staircase leading down here.
Unknown command.
Throwing (i - inventory):
h - 4 stones (quivered)
Press: ? - help, Shift-Dir - straight line, f - goblin
Aim: a goblin (unusually strong)
You throw a stone.
The stone hits the goblin but does no damage.
The goblin hits you.
* * * LOW HITPOINT WARNING * * *
The goblin hits you but does no damage. The hobgoblin hits you.
You die...

####.............#####.##########
####...######## #...........
##.## #####.######
#######..###### #.#
..............#### #.#
##########.......#########.###
#...................####
##########......g#########..>....
................@g...........####
##########....).g##########..# #
#.......# #........#### #
#...)...# #.####....... #
##########)#.### #.# #..#####
###..........#.# #.# #..#
..............[# #.# #..#
.............#.# #.# #..#####
.#####.####.##.# #.# #.......


You could see a hobgoblin and 2 goblins.

Vanquished Creatures
  Robin (D:2)
  2 leopard geckos (D:1)
  2 bats (D:1)
  A giant cockroach (D:1)
  6 goblins
  A hobgoblin (D:2)
  A frilled lizard (D:1)
  6 kobolds
  5 rats (D:1)
25 creatures vanquished.

Notes
Turn   | Place    | Note
-------+----------+-------------------------------------------
     0 | D:1      | saturnerianis the Centaur Hunter began the quest for the Orb.
     0 | D:1      | Reached XP level 1. HP: 17/17 MP: 1/1
   123 | D:1      | Reached XP level 2. HP: 24/24 MP: 2/2
   124 | D:1      | Reached skill level 6 in Bows
   748 | D:2      | Noticed Robin
   757 | D:2      | Killed Robin
   757 | D:2      | Reached XP level 3. HP: 18/29 MP: 3/3
   763 | D:1      | HP: 1/29 [goblin[Robin] (2)]
   763 | D:1      | Slain by a hobgoblin

Vault maps used:
D:1:      eino_arrival_cavern_c, hangedman_decor_clover_reticule
D:2:      first_bread, chequers_big_river, uniq_robin

Skill      XL: |  1  2 |
---------------+-------+-----
Bows           | 6 |  6.8
Fighting       | |  2.0
Dodging        | |  1.3
Stealth        | |  0.4

Action                   || total
-------------------------++-------
 Fire: Shortbow          ||    56
Throw: Stone             ||     3
Armor: Leather armour    ||     3
       Ring mail         ||    12
Dodge: Dodged            ||    21

Table legend:
 A = Spawn XP
 B = Non-spawn XP
 C = Spawn XP percentage of total XP
 D = Spawn monster count
 E = Non-spawn monster count
 F = Spawn count percentage of total count
 G = Total turns spent on level
                    A         B        C        D         E        F      G
               +---------+---------+-------+---------+---------+-------+---------
         Total |       0 |      56 |   0.0 |       0 |      25 |   0.0 |   763
               +---------+---------+-------+---------+---------+-------+---------
           D:1 |       0 |      32 |   0.0 |       0 |      19 |   0.0 |   747
           D:2 |       0 |      24 |   0.0 |       0 |       6 |   0.0 |    16
               +---------+---------+-------+---------+---------+-------+---------
